Map: 이페머론 - 래더

Players

DnS

  • Race: Protoss Protoss
  • Spawn Location: 5:00

soO - Winner!

  • Race: Zerg Zerg
  • Spawn Location: 11:00

Event: IEM Katowice 2020

VOD

Have the link to the VOD?

Description

Time

  • Played on: Feb. 25, 2020, 4:54 a.m.
  • Length: 11:39

All games in this series

Show
View Real Time Build Order
Export as new Build Order

DnS Protoss 

Build Orders: Oracle Opening, Phoenix Opening, Archon Immortal 

Get SALT Encoding   

  12  0:01  Probe  
  13  0:13  Probe  
  14  0:19  Pylon  
  14  0:25  Probe (Chrono Boost)  
  15  0:37  Probe (Chrono Boost)  
  16  0:42  Gateway  
  16  0:46  Probe (Chrono Boost)  
  16  0:48  Assimilator  
  17  0:52  Probe  
  18  1:03  Forge  
  18  1:05  Probe  
  19  1:18  Probe  
  20  1:37  Probe  
  21  1:45  Nexus  
  21  1:49  Cybernetics Core  
  21  1:51  Probe  
  22  1:59  Pylon  
  22  2:03  Probe  
  22  2:07  Assimilator  
  23  2:17  Probe  
  24  2:23  Adept (Chrono Boost)  
  24  2:29  Probe  
  27  2:34  Stargate  
  27  2:41  Probe  
  28  2:44  Adept (Chrono Boost)  
  28  2:50  Pylon  
  30  2:54  Warp Gate  
  30  2:56  Probe (Chrono Boost)  
  30  2:58  Probe (Chrono Boost)  
  33  3:05  Probe (Chrono Boost)  
  33  3:07  Adept  
  33  3:08  Probe (Chrono Boost)  
  33  3:11  Probe (Chrono Boost)  
  36  3:18  Probe  
  38  3:20  Phoenix (Chrono Boost)  
  38  3:23  Probe  
  41  3:30  Probe  
  41  3:34  Pylon  
  42  3:35  Probe  
  43  3:42  Probe  
  43  3:44  Oracle (Chrono Boost)  
  43  3:47  Probe  
  48  3:53  Assimilator  
  48  3:54  Probe  
  48  3:55  Assimilator  
  49  3:59  Probe  
  50  4:06  Probe  
  50  4:07  Robotics Facility  
  50  4:08  Pylon  
  51  4:11  Probe  
  51  4:15  Pylon  
  52  4:18  Probe  
  52  4:20  Oracle (Chrono Boost)  
  52  4:24  Gateway  
  56  4:25  Probe  
  56  4:30  Probe  
  58  4:38  Probe  
  59  4:42  Probe  
  59  4:45  Adept  
  62  4:49  Protoss Ground Weapons Level 1  
  62  4:50  Probe  
  62  4:52  Oracle (Chrono Boost)  
  66  5:01  Probe  
  66  5:05  Observer  
  68  5:13  Adept  
  66  5:17  Probe x2  
  66  5:18  Zealot  
  68  5:29  Probe  
  68  5:30  Immortal (Chrono Boost)  
  68  5:31  Probe  
  74  5:39  Twilight Council  
  74  5:40  Forge  
  74  5:41  Probe, Zealot  
  77  5:47  Pylon, Nexus  
  77  5:49  Pylon  
  77  5:54  Probe  
  78  6:01  Gateway  
  78  6:02  Gateway  
  78  6:03  Nexus  
  78  6:05  Probe (Chrono Boost)  
  78  6:06  Immortal (Chrono Boost)  
  78  6:10  Sentry x2  
  88  6:13  Probe (Chrono Boost)  
  88  6:16  Probe (Chrono Boost)  
  88  6:18  Charge  
  89  6:20  Probe x2 (Chrono Boost)  
  85  6:34  Zealot  
  85  6:36  Zealot  
  85  6:38  Probe x2  
  91  6:44  Pylon  
  91  6:49  Pylon  
  91  6:50  Probe x2  
  93  6:59  Protoss Ground Weapons Level 2 (Chrono Boost)  
  93  7:01  Assimilator  
  93  7:02  Probe, Immortal (Chrono Boost)  
  93  7:04  Assimilator  
  93  7:08  Sentry x2  
  102  7:13  Probe  
  103  7:18  Templar Archives  
  103  7:19  Probe  
  104  7:25  Probe  
  105  7:33  Gateway x2  
  105  7:37  Gateway  
  102  7:45  Gateway  
  102  7:51  Warp Prism (Chrono Boost)  
  102  7:54  Phoenix (Chrono Boost)  
  106  8:01  Photon Cannon x3  
  106  8:02  High Templar x4  
  114  8:06  Archon x2  
  114  8:10  Phoenix (Chrono Boost)  
  113  8:14  Shield Battery  
  113  8:17  Photon Cannon  
  111  8:29  Phoenix (Chrono Boost), Stalker x2  
  112  8:36  Probe  
  112  8:38  Probe, Stargate  
  114  8:45  Phoenix (Chrono Boost)  
  113  8:53  Probe  
  113  8:54  Zealot  
  113  8:55  Zealot x5  
  124  9:02  Pylon x2  
  124  9:05  Pylon  
  124  9:07  Pylon  
  124  9:19  Nexus  
  124  9:20  Phoenix, Pylon  
  126  9:25  Zealot x2  
  126  9:26  Zealot  
  126  9:31  Zealot x5  
  132  9:36  Immortal (Chrono Boost)  
  110  9:49  Zealot  
  98  9:55  Probe  
  98  9:56  Probe  
  98  9:57  Zealot  
  98  9:58  Zealot x4  
  110  10:04  Gateway  
  110  10:06  Gateway  
  110  10:10  Immortal (Chrono Boost)  
  114  10:15  Shield Battery  
  114  10:17  Shield Battery  
  114  10:23  High Templar x5  
  114  10:24  High Templar  
  114  10:25  Phoenix  
  118  10:28  Archon x3  
  118  10:29  Phoenix  
  118  10:50  Phoenix  
  118  10:55  Zealot  
  118  10:56  Zealot x5  
  125  10:59  Zealot  
  125  11:00  Zealot  
  129  11:07  Immortal (Chrono Boost)  
  123  11:20  High Templar x2, Zealot x4  
  123  11:21  Zealot x2  
  123  11:24  Archon  
  139  11:27  Pylon  
  139  11:28  Pylon  
  139  11:30  Pylon  
Show
View Real Time Build Order
Export as new Build Order

soO Zerg - Winner!

Build Orders: Hatch First, Muta Ling Bane 

Get SALT Encoding   

  12  0:00  Drone  
  13  0:13  Overlord  
  13  0:16  Drone  
  14  0:31  Drone x2  
  14  0:35  Drone  
  17  0:52  Hatchery  
  17  0:55  Drone  
  17  1:14  Spawning Pool  
  17  1:15  Drone  
  17  1:16  Drone  
  18  1:21  Drone  
  19  1:29  Extractor  
  19  1:30  Drone  
  19  1:41  Drone  
  20  1:53  Drone  
  21  2:03  Queen  
  21  2:04  Drone  
  24  2:10  Drone  
  26  2:15  Drone  
  26  2:20  Hatchery  
  26  2:22  Overlord  
  25  2:28  Queen  
  27  2:31  Drone  
  28  2:43  Drone  
  29  2:45  Drone x2  
  29  2:46  Metabolic Boost  
  29  2:49  Zergling x4  
  33  2:55  Queen  
  35  3:00  Overlord  
  35  3:03  Drone  
  36  3:19  Zergling x6  
  39  3:21  Drone  
  40  3:28  Overlord  
  40  3:31  Drone  
  40  3:32  Drone  
  42  3:34  Queen x2  
  42  3:36  Overlord  
  46  3:43  Drone, Overlord  
  46  3:44  Zergling x4  
  46  3:48  Drone  
  50  3:51  Drone  
  50  3:54  Drone x2  
  53  4:03  Drone x2  
  53  4:04  Spore Crawler, Drone x2  
  53  4:06  Spore Crawler  
  53  4:08  Drone x2  
  57  4:14  Drone  
  58  4:17  Overlord  
  58  4:18  Drone  
  58  4:19  Evolution Chamber  
  58  4:20  Drone x3  
  61  4:25  Drone  
  61  4:26  Drone x2  
  61  4:29  Overlord  
  64  4:31  Spore Crawler  
  64  4:35  Zergling x4  
  65  4:39  Drone  
  65  4:42  Drone x2  
  66  4:46  Drone x2  
  66  4:48  Drone  
  66  4:49  Zerg Melee Weapons Level 1  
  66  4:51  Drone x2  
  71  4:56  Drone  
  71  4:57  Drone x3  
  71  4:58  Extractor x2  
  73  5:03  Zergling x4  
  73  5:04  Drone x2  
  77  5:12  Drone x2  
  77  5:13  Lair  
  76  5:15  Drone  
  76  5:18  Roach Warren  
  76  5:20  Overlord  
  76  5:23  Drone x2  
  76  5:27  Drone x4  
  80  5:29  Drone x2  
  80  5:35  Hatchery  
  80  5:43  Zergling x12  
  80  5:49  Extractor, Drone  
  86  5:51  Extractor  
  86  5:53  Drone x2  
  86  5:54  Drone x2  
  88  5:57  Drone  
  88  6:00  Hatchery  
  88  6:06  Drone  
  88  6:08  Overlord  
  88  6:09  Overlord  
  89  6:12  Overlord  
  89  6:14  Overlord  
  89  6:18  Glial Reconstitution, Overlord x2  
  89  6:21  Overlord  
  89  6:24  Spire  
  88  6:27  Drone x2  
  88  6:28  Drone x2  
  88  6:29  Extractor  
  88  6:31  Zergling x12  
  92  6:37  Queen  
  91  6:41  Drone x2  
  91  6:42  Drone x4  
  91  6:46  Zerg Melee Weapons Level 2  
  91  6:47  Spore Crawler  
  96  6:48  Drone x2  
  98  6:58  Drone  
  98  7:00  Drone x3  
  98  7:01  Spore Crawler  
  100  7:08  Hatchery  
  99  7:15  Drone  
  100  7:16  Extractor  
  100  7:18  Extractor  
  100  7:21  Overseer  
  100  7:22  Zergling x6  
  101  7:23  Zergling x6  
  104  7:33  Overlord  
  104  7:36  Mutalisk x11  
  123  7:45  Roach x5  
  133  7:53  Drone x3  
  133  7:56  Baneling Nest  
  133  7:57  Roach x3  
  133  7:58  Roach x4, Overlord  
  149  8:13  Roach x8  
  149  8:19  Roach x5  
  173  8:25  Overlord x2  
  171  8:35  Roach x4  
  171  8:40  Overlord  
  179  8:44  Drone x4  
  179  8:45  Centrifical Hooks  
  183  8:52  Zergling x2  
  183  8:53  Zergling x20  
  194  9:02  Ravager x3  
  197  9:03  Ravager x2, Baneling x2  
  197  9:04  Baneling x13  
  199  9:11  Infestation Pit  
  199  9:12  Baneling  
  199  9:13  Baneling x5  
  199  9:15  Drone  
  189  9:32  Zergling x30  
  180  9:39  Zergling x34  
  180  9:45  Zergling x10  
  188  9:49  Zergling x2  
  188  9:50  Zergling x10  
  177  9:55  Hive  
  177  9:56  Drone  
  176  10:00  Drone x2  
  176  10:04  Ravager  
  175  10:07  Ravager  
  175  10:08  Baneling x11  
  175  10:10  Drone x4  
  175  10:13  Zergling x12  
  183  10:26  Zergling x24  
  190  10:54  Drone x2  
  190  10:55  Drone  
  187  10:59  Baneling  
  187  11:00  Baneling x21  
  186  11:09  Zergling x18  
  177  11:21  Zergling x24  

Tags
 
Add a new tag
Caveats
  • Supply blocks, unpowered buildings, or Contaminate may cause inaccurate times.
  • Supply counts are checked every 10 seconds.